 Dungeon Crawl Stone Soup version 0.15-b1-129-g6fffc38 (webtiles) character file.

175 Charly the Chopper (level 5, -2/41 HPs)
             Began as a Formicid Fighter on Aug 28, 2014.
             Was a Follower of Qazlal.
             Slain by a gnoll sergeant
             ... wielding a +0 spear
              (5 damage)
             ... on Level 5 of the Dungeon.
             The game lasted 00:13:40 (645 turns).

Charly the Chopper (Formicid Fighter)                Turns: 645, Time: 00:13:41

HP  -2/41        AC  8     Str 25      XL: 5   Next: 86%
MP   7/7         EV  7     Int  9      God: Qazlal [*.....]
Gold 21          SH 11     Dex 10      Spells:  0 memorised,  4 levels left

rFire  . . .     SeeInvis +     a - +0 war axe
rCold  + . .     Clarity  .     b - +0 scale mail
rNeg   . . .     rCorr    .     c - +0 shield
rPois  .         rRot     .     (helmet unavailable)
rElec  .         Spirit   .     (no cloak)
SustAb .         Warding  .     (no gloves)
rMut   .         Stasis   +     i - +0 pair of boots
Gourm  .                        (no amulet)
MR     .....                    (no ring)
                                n - ring of protection from cold

@: mighty, not resistant to hostile enchantments, extremely unstealthy
A: permanent stasis, dig shafts and tunnels, four strong arms, antennae 3
a: Dig, Shaft Self, Renounce Religion


You were on level 5 of the Dungeon.
You worshipped Qazlal.
Qazlal was aware of your devotion.
You were very hungry.

You visited 2 branches of the dungeon, and saw 6 of its levels.
You also visited: Sewer.

You collected 21 gold pieces.

Inventory:

Hand weapons
 a - a +0 war axe (weapon)
Missiles
 g - 10 poisoned needles
Armour
 b - a +0 scale mail (worn)
 c - a +0 shield (worn)
 i - a +0 pair of boots (worn)
Comestibles
 d - 2 bread rations
Scrolls
 h - 2 scrolls of identify
 m - 2 scrolls of remove curse {unknown}
Jewellery
 f - an uncursed amulet of faith {unknown}
 n - a ring of protection from cold (left hand)
Potions
 e - 3 potions of might
 j - a potion of berserk rage
 k - a potion of agility
Books
 l - a book of Necromancy

   Spells                             Type                      Level
   Pain                               Necromancy                   1
   Animate Skeleton                   Necromancy                   1
   Vampiric Draining                  Necromancy                   3
   Regeneration                       Charms/Necromancy            3
   Animate Dead                       Necromancy                   4
   Control Undead                     Necromancy                   4


   Skills:
 - Level 3.2 Fighting
 + Level 5.6 Axes
 - Level 3.2 Armour
 - Level 3.6 Shields


You had 4 spell levels left.
You didn't know any spells.

Dungeon Overview and Level Annotations

Branches:
Dungeon (5/15)             Temple (1/1) D:4

Altars:
Cheibriados
Dithmenos
Elyvilon
Fedhas
Kikubaaqudgha
Makhleb
Nemelex Xobeh
Okawaru
Qazlal
Sif Muna
Trog
Vehumet
Xom
Yredelemnul
Zin
The Shining One


Innate Abilities, Weirdness & Mutations

Your are under a permanent stasis effect.
You can dig through walls and to a lower floor.
Your four strong arms can wield two-handed weapons with a shield.
You have a pair of large antennae on your head (SInv).


Message History

The gnoll sergeant hits you with a spear.
* * * LOW HITPOINT WARNING * * *
You closely miss the gnoll sergeant.
The gnoll sergeant is moderately wounded.
The gnoll sergeant hits you but does no damage.
You completely miss the gnoll sergeant.
The gnoll sergeant is moderately wounded.
You block the gnoll sergeant's attack.
You hit the gnoll sergeant but do no damage.
The gnoll sergeant is moderately wounded.
The gnoll sergeant hits you with a spear.
* * * LOW HITPOINT WARNING * * *
You slash the gnoll sergeant!
The gnoll sergeant is severely wounded.
The gnoll sergeant hits you but does no damage.
You hit the gnoll sergeant but do no damage.
The gnoll sergeant is severely wounded.
The gnoll sergeant drinks a potion.
The gnoll sergeant is healed!
The gnoll sergeant hits you with a spear.
You die...

...............# #.##
#..............## ##.##
#...............# ##...#
#......##.......# ##.#.##
#[.....##...#.....###.####
#......##..#####.....##.#
#..........# #####...#
...........# ####g..##
.......###.. #@#.##{##
.....### #.. ##g##.{{####
##..## # ####.##...# #..#
#.# #.### #..# #.{ #.#
#..# #..# #.# #..# ..# #g#
# { #.# #)#


You could see a gnoll sergeant.

Vanquished Creatures
  A phantom (D:5)
  A worker ant (D:5)
  An ogre skeleton (D:5)
  A gnoll (D:5)
  An adder (D:4)
  A giant cockroach (D:2)
  A goblin (D:4)
  4 jackals (D:5)
  2 kobolds (D:5)
  A bat (D:4)
  A giant gecko (Sewer)
  23 giant newts
  A goblin skeleton (D:4)
39 creatures vanquished.

Notes
Turn   | Place    | Note
--------------------------------------------------------------
     0 | D:1      | Charly, the Formicid Fighter, began the quest for the Orb.
     0 | D:1      | Reached XP level 1. HP: 18/18 MP: 1/1
    12 | D:1      | You fall through a shaft!
    23 | D:2      | You fall through a shaft!
    26 | D:3      | You fall through a shaft!
    74 | D:4      | Reached XP level 2. HP: 24/24 MP: 3/3
    76 | D:4      | Found a staircase to the Ecumenical Temple.
    85 | Temple   | Entered the Ecumenical Temple
   126 | Temple   | Became a worshipper of Qazlal Stormbringer
   260 | D:4      | Found a glowing drain.
   264 | Sewer    | Entered a sewer
   325 | Sewer    | Reached XP level 3. HP: 8/29 MP: 4/4
   372 | Sewer    | Acquired Qazlal's first power
   459 | D:5      | Entered Level 5 of the Dungeon
   483 | D:5      | Reached skill level 4 in Axes
   483 | D:5      | Reached XP level 4. HP: 20/35 MP: 5/5
   536 | D:5      | Noticed a phantom
   543 | D:5      | Killed a phantom
   543 | D:5      | Reached skill level 5 in Axes
   543 | D:5      | Reached XP level 5. HP: 18/41 MP: 7/7
   627 | D:5      | Noticed a gnoll sergeant
   645 | D:5      | Slain by a gnoll sergeant

Action                   |  1- 3 |  4- 6 || total
-------------------------+-------+-------++-------
Melee: War axe           |   104 |    36 ||   140
 Abil: Shaft Self        |     3 |       ||     3
       Dig               |     2 |     2 ||     4
  Use: Scroll            |     2 |       ||     2
       Potion            |     1 |     1 ||     2
